 Dungeon Crawl Stone Soup version 0.25-a0-942-g87a5396 (webtiles) character file.

Game seed: 12360071433243890119, levelgen mode: deterministic

245451 DrEnzyme the Sharpshooter (level 20, -26/134 HPs)
             Began as a Kobold Wanderer on May 6, 2020.
             Was a High Priest of Fedhas.
             Killed from afar by a deep elf elementalist (36 damage)
             ... with a fireball
             ... on level 3 of the Elven Halls on May 7, 2020.
             The game lasted 03:25:55 (79976 turns).

DrEnzyme the Sharpshooter (Kobold Wanderer)        Turns: 79976, Time: 03:25:55

Health: -26/134    AC: 27    Str: 17    XL:     20   Next: 26%
Magic:  23/27      EV: 14    Int: 14    God:    Fedhas [*****.]
Gold:   1234       SH:  2    Dex: 15    Spells: 19/21 levels left

rFire    . . .     SeeInvis +   b - +9 arbalest (flame)
rCold    + + .     Gourm    .   (shield currently unavailable)
rNeg     + . .     Faith    .   z - +1 plate armour {rC+}
rPois    .         Spirit   .   N - +1 helmet {SInv}
rElec    +         Reflect  +   P - scarf {cloud immunity}
rCorr    .         Harm     .   V - +1 pair of gloves
MR       ++...     Rnd*Rage +   l - +2 pair of boots {run}
Stlth    ..........             v - amulet "Agrumiy" {Reflect +Fly rN+ SH+2 Stlth+}
HPRegen  0.32/turn              m - +5 ring of slaying
MPRegen  0.20/turn              M - ring of the Mackerel {rElec rC+ MR+}

@: quick
A: small, thin metallic scales 1, berserk 1, carnivore
}: 2/15 runes: decaying, gossamer
a: Wall of Briars, Grow Ballistomycete, Overgrow, Grow Oklob, Renounce Religion,
Evoke Flight


You were on level 3 of the Elven Halls.
You worshipped Fedhas.
Fedhas was extremely pleased with you.
You were full.

You visited 8 branches of the dungeon, and saw 36 of its levels.
You visited 1 bazaar.
You also visited: Bailey, Gauntlet and Volcano.

You collected 5538 gold pieces.
You spent 4304 gold pieces at shops.

Inventory:

Hand Weapons
 a - the +10 flail of Qod Haeg {vorpal, Str+3}
   (You found it on level 6 of the Lair of Beasts)

   It inflicts extra damage upon your enemies.
   It affects your strength (+3).
 b - a +9 arbalest of flaming (weapon)
 c - the +7 hand crossbow of the Grave {venom, Int+4}
   (You bought it in a shop on level 2 of the Orcish Mines)

   It poisons the ammo it fires.
   It affects your intelligence (+4).
 d - a +0 whip of holy wrath
Missiles
 j - 126 bolts (quivered)
 o - 88 poisoned darts
Armour
 l - a +2 pair of boots of running (worn)
 z - a +1 plate armour of cold resistance (worn)
 I - the +0 hat "Cuemek" {-Tele rPois rF++ Str+4}
   (You found it in a Gauntlet)

   It affects your strength (+4).
   It greatly protects you from fire.
   It protects you from poison.
   It prevents most forms of teleportation.
 N - a +1 helmet of see invisible (worn)
 P - a scarf of cloud immunity (worn)
 U - a +0 buckler
 V - a +1 pair of gloves (worn)
Jewellery
 g - an uncursed amulet of regeneration
 m - a +5 ring of slaying (left hand)
 q - an uncursed ring of resist corrosion
 s - an uncursed ring of flight
 v - the amulet "Agrumiy" (around neck) {Reflect +Fly rN+ SH+2 Stlth+}
   (You acquired it on level 3 of the Swamp)

   [amulet of reflection]

   It shields you and reflects attacks.
   It protects you from negative energy.
   It lets you fly.
   It affects your SH (+2).
   It makes you more stealthy.
 E - the amulet "Qituzup" {+Rage rF+}
   (You found it on level 4 of the Swamp)

   [amulet of rage]

   It protects you from fire.
   It lets you go berserk.
 M - the ring of the Mackerel (right hand) {rElec rC+ MR+}
   (You found it on level 8 of the Dungeon)

   [ring of protection from cold]

   It protects you from cold.
   It insulates you from electricity.
   It affects your resistance to hostile enchantments.
 Q - the ring of the Insatiable Dreams {rPois rF- MR++ Str+3 Dex+5 Stlth+}
   (You bought it in a shop on level 2 of the Orcish Mines)

   [ring of dexterity]

   It affects your strength (+3).
   It affects your dexterity (+5).
   It makes you vulnerable to fire.
   It protects you from poison.
   It affects your resistance to hostile enchantments.
   It makes you more stealthy.
Wands
 e - a wand of iceblast (25)
 r - a wand of flame (129)
 w - a wand of clouds (7)
 y - a wand of digging (11)
Scrolls
 h - a scroll of enchant weapon
 i - 2 scrolls of identify
 k - 15 scrolls of remove curse
 t - a scroll of holy word
 u - a scroll of magic mapping
 C - 2 scrolls of teleportation
 D - a scroll of summoning
 F - 5 scrolls of fog
 J - 4 scrolls of fear
Potions
 n - a potion of mutation
 A - a potion of curing
 B - 2 potions of ambrosia
 G - 5 potions of brilliance
 H - a potion of haste
 K - 3 potions of cancellation
 O - 3 potions of resistance
 X - 2 potions of might
 Y - 2 potions of stabbing
Miscellaneous
 p - a box of beasts
 T - a lightning rod (4/4)
 W - a phial of floods
Comestibles
 f - 56 rations


   Skills:
 + Level 17.3 Fighting
 + Level 12.8 Maces & Flails
   Level 1.2 Polearms
 + Level 19.1 Crossbows
 - Level 2.4 Throwing
 + Level 13.4 Armour
 + Level 10.9 Dodging
 - Level 1.4 Stealth
 + Level 5.4 Shields
 - Level 1.2 Spellcasting
 - Level 3.0 Translocations
   Level 1.0 Transmutations
 - Level 10.0 Invocations


You had 19 spell levels left.
You knew the following spells:

 Your Spells              Type           Power        Failure   Level  Hunger
a - Sandblast             Erth           #.....       99%         1    ##.....
b - Apportation           Tloc           #.....       82%         1    ##.....

Your spell library contained the following spells:

 Spells                   Type           Power        Failure   Level  Hunger
 Blink                    Tloc           N/A          91%         2    ###....
 Animate Skeleton         Necr           N/A          99%         1    ##.....
 Corona                   Hex            #......      99%         1    ##.....
 Foxfire                  Conj/Fire      #...         99%         1    ##.....
 Magic Dart               Conj           #...         99%         1    ##.....
 Shock                    Conj/Air       #...         99%         1    ##.....
 Summon Small Mammal      Summ           #...         99%         1    ##.....
 Passwall                 Tmut/Erth      #.......     99%         2    ###....
 Sticks to Snakes         Tmut           #.......     99%         2    ###....
 Gell's Gravitas          Tloc           #.........   99%         3    ####...
 Call Imp                 Summ           #.......     100%        2    ###....
 Corpse Rot               Necr/Air       N/A          100%        2    ###....
 Ensorcelled Hibernation  Hex/Ice        #.....       100%        2    ###....
 Searing Ray              Conj           #.....       100%        2    ###....
 Slow                     Hex            #.......     100%        2    ###....
 Swiftness                Chrm/Air       #.......     100%        2    ###....
 Call Canine Familiar     Summ           #.......     100%        3    ####...
 Confusing Touch          Hex            #.......     100%        3    ####...
 Conjure Flame            Conj/Fire      #.......     100%        3    ####...
 Dazzling Flash           Conj/Hex       #.....       100%        3    ####...
 Inner Flame              Hex/Fire       #.......     100%        3    ####...
 Mephitic Cloud           Conj/Pois/Air  #.......     100%        3    ####...
 Portal Projectile        Hex/Tloc       #.....       100%        3    ####...
 Recall                   Summ/Tloc      N/A          100%        3    ####...
 Spectral Weapon          Hex/Chrm       #.......     100%        3    ####...
 Static Discharge         Conj/Air       #.......     100%        3    ####...
 Stone Arrow              Conj/Erth      #.....       100%        3    ####...
 Summon Guardian Golem    Hex/Summ       #.......     100%        3    ####...
 Airstrike                Air            #.........   100%        4    #####..
 Cause Fear               Hex            #.........   100%        4    #####..
 Fulminant Prism          Conj/Hex       #.........   100%        4    #####..
 Iskenderun's Mystic Bla  Conj/Tloc      #.......     100%        4    #####..
 Leda's Liquefaction      Hex/Erth       #.........   100%        4    #####..
 Petrify                  Tmut/Erth      #.......     100%        4    #####..
 Summon Ice Beast         Ice/Summ       #.......     100%        4    #####..
 Summon Lightning Spire   Summ/Air       #.......     100%        4    #####..
 Alistair's Intoxication  Tmut/Pois      #.......     100%        5    ######.
 Borgnjor's Vile Clutch   Necr/Erth      #.........   100%        5    ######.
 Iskenderun's Battlesphe  Conj/Chrm      #.......     100%        5    ######.
 Lightning Bolt           Conj/Air       #.........   100%        5    ######.
 Metabolic Englaciation   Hex/Ice        #.........   100%        5    ######.
 Silence                  Hex/Air        #.........   100%        5    ######.
 Summon Forest            Summ/Tloc      #.........   100%        5    ######.
 Yara's Violent Unravell  Hex/Tmut       #.........   100%        5    ######.
 Darkness                 Hex            #.........   100%        6    #######
 Eringya's Noxious Bog    Tmut/Pois      #.........   100%        6    #######
 Freezing Cloud           Conj/Ice/Air   #.........   100%        6    #######
 Hydra Form               Tmut           #.........   100%        6    #######
 Invisibility             Hex            #.......     100%        6    #######
 Shadow Creatures         Summ           N/A          100%        6    #######
 Summon Hydra             Summ           #.........   100%        7    #######


Dungeon Overview and Level Annotations

Branches:
Dungeon (15/15)            Temple (1/1) D:4            Lair (6/6) D:10
  Swamp (4/4) Lair:4       Spider (4/4) Lair:3        Slime (0/5) Lair:5
    Orc (2/2) D:11            Elf (3/3) Orc:2        Vaults (1/5) D:14
 Bailey (visited)         Volcano (visited)         Gauntlet (visited)
 Depths: D:15

Altars:
Ashenzari
Cheibriados
Dithmenos
Elyvilon
Fedhas
Gozag
Hepliaklqana
Kikubaaqudgha
Makhleb
Nemelex Xobeh
Okawaru
Qazlal
Ru
Sif Muna
Trog
Uskayaw
Vehumet
Wu Jian
Xom
Yredelemnul
Zin
The Shining One
Beogh
Jiyva

Shops:
D:9 (   D:11 *(   Orc:2 (*=[   Elf:1 }=}

Annotations:
D:9 2 transporters
D:12 1 runed translucent door, IceLeopardTea's ghost, journeyman TeAE
D:13 exclusion: downstairs
Swamp:4 2 transporters, DrEnzyme's ghost, adept SpWn
Spider:1 exclusion: downstairs
Spider:3 exclusion: downstairs, Roxanne
Orc:2 3 runed translucent doors, porkupine's ghost, journeyman NaAK
Elf:2 Aizul


Innate Abilities, Weirdness & Mutations

You are small and have problems with some larger weapons.
You are carnivorous and can eat meat at any time.
You are partially covered in thin metallic scales. (AC +2)
You tend to lose your temper in combat.


Message History

The fireball explodes!
The fireball engulfs you!!
* * * LOW HITPOINT WARNING * * *
The fireball engulfs the earth elemental.
The earth elemental completely resists.
The fireball engulfs the earth elemental.
The earth elemental completely resists.
The fireball engulfs your oklob plant!!!
Your oklob plant is destroyed!
The fireball engulfs the earth elemental.
The earth elemental completely resists.
The fireball engulfs the earth elemental.
The earth elemental completely resists.
The earth elemental hits you!!
* * * LOW HITPOINT WARNING * * *
The earth elemental closely misses you.
Okay, then.
You feel better.
The deep elf elementalist casts a spell at you.
The fireball explodes!
The fireball engulfs you!!!
You die...
Fedhas appreciates your contribution to the ecosystem.

###.....### ##'#.....##
##).#######.########
##.##...#'## ##.).....#
#.(.....# #.......# ###
#.....).###..#
#.....)E§EEE#
###...##..@E# ######.E..#
*** #.#(## *** *,***
###(# ***,* *,,,*** #e#
***,,,* *,,,,,*** #e#
***,,,,,*
*,*,,,,,***#(#***,,,,,*,*
#
*,***,,,,,*#e#*,,,,,***,*
##
*,,,,,,,,,,ee.,,,,****,,*


You could see 2 deep elf master archers, a deep elf elementalist and 6 earth
elementals.

Vanquished Creatures
  the Lernaean hydra (Swamp:4)
  Arachne (Spider:1)
  Jorgrun (Swamp:2)
  A deep elf blademaster (Elf:3)
  A deep elf sorcerer (Elf:1)
  4 emperor scorpions
  A vault warden (Vaults:1)
  A ghost moth (Spider:4)
  An orc warlord (D:11)
  An ironheart preserver (D:14)
  2 entropy weavers (Spider:3)
  Nessos (Lair:5)
  2 deep elf demonologists (Elf:3)
  2 deep elf annihilators
  A minotaur (Gauntlet)
  2 deep elf death magi
  An ettin (Orc:2)
  A deep elf high priest (Elf:3)
  Josephine (Lair:5)
  4 ogre magi (Vaults:1)
  A yaktaur captain (Vaults:1)
  17 hydras
  2 vault guards (D:14)
  6 ice dragons
  A ghost crab (Swamp:3)
  4 centaur warriors
  A death knight (D:14)
  15 dancing weapons
  3 catoblepae (Lair:6)
  5 death yaks (Lair:6)
  12 alligators
  17 two-headed ogres
  Urug (Lair:2)
  2 orc high priests
  13 deep elf knights
  Nergalle (Orc:2)
  2 skeletal warriors (Volcano)
  A spriggan druid (Swamp:1)
  4 unseen horrors
  2 anaconda skeletons (Volcano)
  9 deep elf archers
  3 ironbrand convokers (Vaults:1)
  8 swamp dragons
  A wizard (Vaults:1)
  43 deep elf magi
  21 orb spiders
  5 orc knights
  24 wolf spiders
  A shining eye (shapeshifter) (Elf:1)
  4 orc sorcerers (Orc:2)
  5 cyclopes
  3 manticores
  A moth of wrath (Gauntlet)
  8 ugly things (Vaults:1)
  A black mamba (shapeshifter) (Vaults:1)
  4 black mambas
  2 gargoyles (Volcano)
  Joseph (D:9)
  2 centaur zombies (D:13)
  3 vault sentinels (Vaults:1)
  A spiny frog (shapeshifter) (D:14)
  2 rime drakes (D:12)
  12 spiny frogs
  2 minotaur zombies (Gauntlet)
  10 demonic crawlers
  A kobold demonologist (D:12)
  3 freezing wraiths
  12 komodo dragons
  3 yaktaurs (Vaults:1)
  An efreet (D:15)
  2 tengu conjurers (D:14)
  5 trolls
  A merfolk (D:11)
  10 tyrant leeches
  26 jumping spiders
  6 polar bears
  12 hornets
  Prince Ribbit (D:5)
  2 harpy skeletons (Volcano)
  17 slime creatures
  14 bog bodies
  A hippogriff (shapeshifter) (Vaults:1)
  9 hippogriffs
  3 blink frogs (Lair:5)
  4 air elementals
  56 redbacks
  5 flying skulls
  Sigmund (D:5)
  2 alligator skeletons (Volcano)
  2 shadows
  A redback (shapeshifter) (Gauntlet)
  5 water elementals
  6 wraiths
  2 spriggans
  27 tarantellas
  4 wyverns
  42 yaks
  4 fire elementals
  9 humans (D:14)
  4 basilisks
  2 hungry ghosts
  Menkaure (D:7)
  6 insubstantial wisps
  3 wargs (Orc:1)
  19 vampire mosquitoes
  18 swamp worms
  4 porcupines
  A soldier ant (D:11)
  14 water moccasins
  2 acid dragons
  3 sky beasts
  8 swamp drakes
  31 orc warriors
  A black bear (Lair:2)
  An ice beast (D:12)
  2 phantoms
  17 ogres
  5 wolves (Gauntlet)
  19 centaurs
  7 crocodiles
  A big kobold (D:7)
  15 bullfrogs
  5 earth elementals
  A wyvern skeleton (D:12)
  6 scorpions
  7 killer bees
  A spriggan skeleton (Volcano)
  8 wights
  A troll skeleton (Volcano)
  2 electric eels
  8 crimson imps
  4 howler monkeys
  A bullfrog zombie (D:11)
  11 hounds
  6 centaur skeletons
  5 jellies
  17 orc priests
  A bullfrog skeleton (D:11)
  3 iron imps (D:4)
  10 iguanas
  28 orc wizards
  10 worker ants
  A killer bee zombie (D:9)
  A naga skeleton (Volcano)
  A hound skeleton (D:9)
  A worker ant zombie (D:11)
  A howler monkey zombie (D:9)
  18 adders
  8 gnolls
  2 shadow imps
  An ooze (D:1)
  4 worms
  4 dart slugs
  3 leopard geckos
  90 orcs
  2 giant cockroaches
  4 goblins
  5 hobgoblins
  6 jackals
  4 quokkas
  2 ball pythons
  10 bats
  6 frilled lizards
  2 jackal skeletons (D:4)
  19 kobolds
  A leopard gecko simulacrum (D:9)
  A leopard gecko skeleton (D:4)
  A quokka skeleton (D:4)
  3 rats
1135 creatures vanquished.

Vanquished Creatures (collateral kills)
  Donald (Spider:2)
  2 emperor scorpions
  Louise (Swamp:1)
  A deep elf death mage (Vaults:1)
  4 hydras
  A dancing weapon (Elf:2)
  2 swamp dragons
  An orb spider (Spider:1)
  3 gargoyles (Volcano)
  3 bog bodies (Swamp:4)
  3 tarantellas
  A yak (Lair:4)
  A redback (Spider:3)
  4 swamp drakes
  A porcupine (Lair:4)
  A troll skeleton (Volcano)
  A naga skeleton (Volcano)
  8 ballistomycete spores
39 creatures vanquished.

Vanquished Creatures (others)
  A thorn hunter (Swamp:4)
  A hydra (Swamp:4)
  A ghost crab (Swamp:3)
  2 deep elf archers
  3 deep elf magi
  A yaktaur (Vaults:1)
  A tyrant leech (Swamp:3)
  A bog body (Swamp:4)
  A human (D:14)
  4 vampire mosquitoes (Swamp:4)
  A swamp worm (Swamp:4)
  11 insubstantial wisps (Swamp:3)
  3 swamp drakes
  An orc (D:11)
  19 fungi
  22 plants
73 creatures vanquished.

Grand Total: 1247 creatures vanquished

Notes
Turn   | Place    | Note
-------+----------+-------------------------------------------
     0 | D:1      | DrEnzyme the Kobold Wanderer began the quest for the Orb.
     0 | D:1      | DrEnzyme set off with the following items: a +2 spear, a +0
                  | robe, a ration; and the following spell memorised:
                  | Sandblast; and the following spells available to memorise:
                  | Sticks to Snakes, Passwall, Stone Arrow
     0 | D:1      | Reached XP level 1. HP: 12/12 MP: 2/2
   315 | D:1      | Reached XP level 2. HP: 18/18 MP: 3/3
   656 | D:1      | Reached XP level 3. HP: 18/23 MP: 4/4
  1053 | D:1      | You fall into a shaft and drop 1 floor!
  1587 | D:2      | Reached XP level 4. HP: 26/28 MP: 5/5
  1820 | D:2      | Gained mutation: You are dopey. (Int -2) [potion of
                  | mutation]
  1820 | D:2      | Gained mutation: Your flesh is cold resistant. (rC+)
                  | [potion of mutation]
  2357 | D:2      | Reached skill level 1 in Polearms
  2357 | D:2      | Reached skill level 1 in Dodging
  2920 | D:2      | Reached XP level 5. HP: 14/33 MP: 6/6
  4769 | D:3      | Reached skill level 1 in Crossbows
  5042 | D:4      | Reached XP level 6. HP: 36/38 MP: 7/7
  5173 | D:3      | Reached skill level 2 in Crossbows
  5650 | D:4      | Reached skill level 3 in Crossbows
  5924 | D:4      | Found a staircase to the Ecumenical Temple.
  5976 | D:4      | Reached skill level 4 in Crossbows
  5976 | D:4      | Reached XP level 7. HP: 43/43 MP: 8/8
  6008 | D:4      | Reached skill level 1 in Maces & Flails
  6536 | Temple   | Entered the Ecumenical Temple
  6544 | Temple   | Became a worshipper of Fedhas Madash
  6637 | D:4      | Reached skill level 5 in Crossbows
  6903 | D:4      | Found a burning altar of Makhleb.
  7012 | D:4      | Identified the cursed +1 dagger of Wuumax {flame, rElec
                  | MR+} (You found it on level 4 of the Dungeon)
  7025 | D:5      | Entered Level 5 of the Dungeon
  7026 | D:5      | Reached XP level 8. HP: 48/48 MP: 9/9
  7061 | D:5      | Reached skill level 6 in Crossbows
  7113 | D:5      | Found an iron altar of Okawaru.
  7339 | D:5      | Noticed Prince Ribbit
  7533 | D:5      | Reached skill level 7 in Crossbows
  7873 | D:5      | Noticed Sigmund
  7877 | D:5      | Killed Sigmund
  7877 | D:5      | Reached skill level 8 in Crossbows
  8153 | D:5      | Killed Prince Ribbit
  8153 | D:5      | Reached skill level 5 in Fighting
  8153 | D:5      | Reached skill level 9 in Crossbows
  8153 | D:5      | Reached XP level 9. HP: 41/54 MP: 10/10
  9044 | D:6      | Found a sparkling altar of Nemelex Xobeh.
  9139 | D:6      | Reached * piety under Fedhas
  9139 | D:6      | Reached skill level 10 in Crossbows
  9925 | D:7      | Reached skill level 11 in Crossbows
 10081 | D:7      | Noticed Menkaure
 10096 | D:7      | Killed Menkaure
 10096 | D:7      | Reached XP level 10. HP: 50/60 MP: 11/11
 10249 | D:7      | Found a snail-covered altar of Cheibriados.
 10688 | D:7      | Reached ** piety under Fedhas
 11054 | D:8      | Noticed a two-headed ogre
 11108 | D:8      | Reached skill level 12 in Crossbows
 11163 | D:8      | Found a flagged portal.
 11318 | D:8      | Killed a two-headed ogre
 11318 | D:8      | Reached skill level 13 in Crossbows
 11366 | Bailey   | Entered a bailey
 11812 | D:8      | Got a brightly glowing lead ring
 11813 | D:8      | Identified the ring of the Mackerel {rElec rC+ MR+} (You
                  | found it on level 8 of the Dungeon)
 12425 | D:9      | Found a transporter.
 12426 | D:9      | Noticed Joseph
 12440 | D:9      | Found a transporter.
 12440 | D:9      | Found a transporter.
 12532 | D:9      | Reached *** piety under Fedhas
 12532 | D:9      | Reached XP level 11. HP: 66/66 MP: 9/12
 12671 | D:9      | Noticed a two-headed ogre
 12678 | D:9      | Killed a two-headed ogre
 12678 | D:9      | Reached skill level 14 in Crossbows
 12678 | D:9      | Reached skill level 1 in Invocations
 12881 | D:9      | Reached skill level 5 in Armour
 12893 | D:9      | Found a transporter.
 12921 | D:9      | Noticed a two-headed ogre
 13005 | D:9      | Found Noerren's Antique Weapon Shop.
 13157 | D:9      | Found a transporter.
 13161 | D:9      | Noticed a seven-headed hydra
 13232 | D:10     | Entered Level 10 of the Dungeon
 14014 | D:10     | Found a staircase to the Lair.
 14413 | Lair:1   | Entered Level 1 of the Lair of Beasts
 14427 | Lair:1   | Reached skill level 15 in Crossbows
 14650 | Lair:1   | Reached **** piety under Fedhas
 14738 | Lair:1   | Found a shattered altar of Ashenzari.
 15148 | Lair:2   | Reached XP level 12. HP: 73/73 MP: 14/14
 15334 | Lair:2   | Got a jewelled rapier
 15359 | Lair:1   | Identified the +3 rapier "Giaf" {vorpal, rF- Str+3 Int+3
                  | Stlth+} (You found it on level 2 of the Lair of Beasts)
 15704 | Lair:2   | Noticed Urug
 15711 | Lair:2   | Killed Urug
 16167 | Lair:2   | Reached skill level 16 in Crossbows
 17159 | Lair:3   | Reached skill level 5 in Invocations
 17559 | Lair:3   | Found a hole to the Spider Nest.
 19386 | Lair:4   | Found a gate leading to a gauntlet.
 19477 | Gauntlet | Entered a Gauntlet
 19477 | Gauntlet | Found a transporter.
 19477 | Gauntlet | Found a transporter.
 19477 | Gauntlet | Noticed a queen ant
 19479 | Gauntlet | Found a transporter.
 19480 | Gauntlet | Found a transporter.
 19482 | Gauntlet | Found a transporter.
 19522 | Gauntlet | Found a transporter.
 19522 | Gauntlet | Noticed a sea snake
 19522 | Gauntlet | a faun changed into a sea snake
 19525 | Gauntlet | Found a transporter.
 19525 | Gauntlet | Found a transporter.
 19529 | Gauntlet | Noticed a dire elephant
 19531 | Gauntlet | a sea snake changed into a merfolk
 19537 | Gauntlet | Found a transporter.
 19553 | Gauntlet | Found a transporter.
 19563 | Gauntlet | Found a transporter.
 19566 | Gauntlet | Noticed a hell beast
 19580 | Gauntlet | Found a transporter.
 19599 | Gauntlet | Found a transporter.
 19612 | Gauntlet | Found a transporter.
 19647 | Gauntlet | Reached XP level 13. HP: 61/79 MP: 17/17
 19799 | Gauntlet | Noticed a great orb of eyes
 19799 | Gauntlet | a wolf spider changed into a great orb of eyes
 19829 | Gauntlet | a great orb of eyes changed into a tyrant leech
 19831 | Gauntlet | Noticed a fire dragon
 19831 | Gauntlet | a tyrant leech changed into a fire dragon
 19849 | Gauntlet | Noticed an entropy weaver
 19849 | Gauntlet | a fire dragon changed into an entropy weaver
 19866 | Gauntlet | Got a smoking hat
 20074 | Gauntlet | Noticed a minotaur
 20080 | Gauntlet | Killed a minotaur
 20080 | Gauntlet | Reached skill level 5 in Dodging
 20305 | Gauntlet | Identified the cursed +0 hat "Cuemek" {-Tele rPois rF++
                  | Str+4} (You found it in a Gauntlet)
 20371 | Lair:4   | Reached skill level 17 in Crossbows
 20520 | Lair:4   | Found a staircase to the Swamp.
 21557 | Lair:5   | Found a staircase to the Slime Pits.
 21558 | Lair:5   | Found a viscous altar of Jiyva.
 21585 | Lair:5   | Reached ***** piety under Fedhas
 21704 | Lair:5   | Noticed Nessos
 21712 | Lair:5   | Killed Nessos
 21892 | Lair:5   | Noticed a four-headed hydra
 21907 | Lair:5   | Killed a four-headed hydra
 21938 | Lair:5   | Noticed Josephine
 22030 | Lair:5   | Reached skill level 18 in Crossbows
 22172 | D:11     | Found Karidub's Antique Weapon Shop.
 22241 | D:11     | Found Firainwi's General Store.
 22246 | D:11     | Bought a +0 pair of boots of running for 409 gold pieces
 22246 | D:11     | Bought a potion of curing for 39 gold pieces
 22246 | D:11     | Bought a scroll of enchant armour for 97 gold pieces
 22794 | D:11     | Found a shimmering altar of Xom.
 23104 | D:11     | Found a staircase to the Orcish Mines.
 23538 | D:11     | You fall into a shaft and drop 2 floors!
 23540 | D:13     | Noticed a centaur warrior
 24807 | Orc:1    | Entered Level 1 of the Orcish Mines
 25459 | Orc:1    | Reached XP level 14. HP: 87/87 MP: 19/19
 25927 | Orc:1    | Reached skill level 5 in Maces & Flails
 26148 | Orc:2    | Entered Level 2 of the Orcish Mines
 26475 | Orc:2    | Found a runed translucent gate.
 26475 | Orc:2    | Found a runed translucent gate.
 26475 | Orc:2    | Found a runed translucent gate.
 26494 | Orc:2    | Reached skill level 10 in Fighting
 26527 | Orc:2    | Found a staircase to the Elven Halls.
 27647 | Orc:2    | Noticed Nergalle
 27652 | Orc:2    | Noticed an orc warlord
 27657 | Orc:2    | Killed Nergalle
 27660 | Orc:2    | Paralysed by an orc sorcerer for 3 turns
 28293 | D:11     | Killed an orc warlord
 28505 | Orc:2    | Found a roughly hewn altar of Beogh.
 28860 | Orc:2    | Noticed porkupine's ghost (journeyman NaAK)
 29248 | Orc:2    | Found Mocum's Jewellery Shoppe.
 29397 | Orc:2    | Found Guder's Antique Armour Shoppe.
 29402 | Orc:2    | Found Illoufan's General Store.
 29475 | Orc:2    | Found Menuipn's Antique Weapon Shoppe.
 29482 | Orc:2    | Bought an ancient hand crossbow for 221 gold pieces
 30691 | D:12     | Identified the Catalogue of Fatigue
 30928 | D:12     | Found a runed translucent door.
 30930 | D:12     | Noticed IceLeopardTea's ghost (journeyman TeAE)
 30932 | D:12     | Identified the cursed +3 trident "Wifigg" {venom, rElec}
 33907 | D:13     | Identified the +7 hand crossbow of the Grave {venom, Int+4}
                  | (You bought it in a shop on level 2 of the Orcish Mines)
 34102 | D:14     | Reached ****** piety under Fedhas
 34929 | D:14     | Reached XP level 15. HP: 94/94 MP: 22/22
 35294 | D:14     | Identified the +7 tower shield of Polytheism {Regen+}
 35429 | Orc:2    | Bought the ring of the Insatiable Dreams {rPois rF- MR++
                  | Str+3 Dex+5 Stlth+} for 1006 gold pieces
 35766 | Swamp:1  | Entered Level 1 of the Swamp
 36055 | Spider:1 | Entered Level 1 of the Spider Nest
 36807 | Spider:1 | Learned a level 1 spell: Apportation
 37042 | Spider:1 | Reached skill level 10 in Invocations
 37844 | Spider:2 | Noticed Donald
 37857 | Spider:2 | Noticed Arachne
 37880 | Spider:1 | Killed Arachne
 41442 | Spider:2 | Noticed an emperor scorpion
 41456 | Spider:2 | Killed an emperor scorpion
 41665 | Spider:2 | Reached XP level 16. HP: 103/103 MP: 23/23
 41890 | Spider:2 | You fall into a shaft and drop 1 floor!
 42147 | Spider:3 | Reached skill level 10 in Armour
 42286 | Spider:2 | Killed Donald
 43245 | Spider:3 | Noticed Roxanne
 43656 | Spider:4 | Entered Level 4 of the Spider Nest
 44742 | D:15     | Entered Level 15 of the Dungeon
 48513 | Spider:4 | Reached skill level 10 in Dodging
 48747 | Spider:4 | Reached XP level 17. HP: 112/112 MP: 22/24
 49544 | Spider:4 | Got a gossamer rune of Zot
 50212 | D:14     | Identified a scroll of acquirement
 50263 | D:14     | Found a gate to the Vaults.
 50301 | Vaults:1 | Entered Level 1 of the Vaults
 50610 | Vaults:1 | Reached skill level 1 in Shields
 52963 | D:14     | Reached skill level 15 in Fighting
 53675 | Lair:5   | Killed Josephine
 54180 | Lair:6   | Entered Level 6 of the Lair of Beasts
 54724 | Lair:6   | Found a dark tunnel.
 54742 | Volcano  | Entered a volcano
 58051 | Lair:6   | Got a shimmering flail
 58052 | Lair:6   | Identified the +10 flail of Qod Haeg {vorpal, Str+3} (You
                  | found it on level 6 of the Lair of Beasts)
 58863 | Lair:6   | Got a faintly humming helmet
 58873 | Lair:6   | Identified the +1 helmet "Koimul" {+Fly rElec rN+ Str-5}
                  | (You found it on level 6 of the Lair of Beasts)
 59735 | Swamp:1  | Noticed Louise
 59754 | Swamp:1  | Killed Louise
 59754 | Swamp:1  | Reached skill level 10 in Maces & Flails
 61127 | Orc:2    | Bought a translucent plate armour for 784 gold pieces
 61127 | Orc:2    | Bought a buckler for 126 gold pieces
 61181 | Orc:2    | Identified the +0 plate armour "Irow" {Dex+4} (You bought
                  | it in a shop on level 2 of the Orcish Mines)
 62122 | Swamp:1  | Reached XP level 18. HP: 57/119 MP: 25/25
 62792 | Swamp:2  | Noticed Jorgrun
 62808 | Swamp:2  | Killed Jorgrun
 64849 | Swamp:3  | Identified the +6 morningstar "Fugh" {holy, Int+6} (You
                  | acquired it on level 3 of the Swamp)
 64849 | Swamp:3  | Identified the amulet "Agrumiy" {Reflect +Fly rN+ SH+2
                  | Stlth+} (You acquired it on level 3 of the Swamp)
 65333 | Swamp:4  | Entered Level 4 of the Swamp
 65866 | Swamp:4  | Found a transporter.
 65874 | Swamp:4  | Noticed DrEnzyme's ghost (adept SpWn)
 65884 | Swamp:4  | Found a transporter.
 66772 | Swamp:4  | Noticed the 27-headed Lernaean hydra
 69810 | Swamp:4  | Killed the 27-headed Lernaean hydra
 69851 | Swamp:4  | Got a decaying rune of Zot
 69884 | Swamp:4  | Got a sparkling bone amulet
 69895 | Swamp:4  | Identified the amulet "Qituzup" {+Rage rF+} (You found it
                  | on level 4 of the Swamp)
 70701 | D:14     | Found a gate to the Vaults.
 71746 | Elf:1    | Entered Level 1 of the Elven Halls
 71779 | Elf:1    | Reached XP level 19. HP: 125/125 MP: 26/26
 72521 | Elf:1    | Found Xantauma's Gadget Emporium.
 72521 | Elf:1    | Found Feidgh's Jewellery Shop.
 72522 | Elf:1    | Found Vouph's Gadget Emporium.
 73395 | Elf:1    | Gained mutation: You occasionally shout uncontrollably at
                  | your foes. [a shining eye]
 73401 | Elf:1    | Lost mutation: Your flesh is cold resistant. (rC+) [potion
                  | of mutation]
 73401 | Elf:1    | Lost mutation: You are dopey. (Int -2) [potion of mutation]
 73401 | Elf:1    | Lost mutation: You occasionally shout uncontrollably at
                  | your foes. [potion of mutation]
 73401 | Elf:1    | Gained mutation: Your body sometimes deteriorates upon
                  | taking damage. [potion of mutation]
 73401 | Elf:1    | Gained mutation: You have a pair of small horns on your
                  | head. [potion of mutation]
 73412 | Elf:1    | Lost mutation: Your body sometimes deteriorates upon taking
                  | damage. [potion of mutation]
 73412 | Elf:1    | Lost mutation: You have a pair of small horns on your head.
                  | [potion of mutation]
 73412 | Elf:1    | Gained mutation: You are dopey. (Int -2) [potion of
                  | mutation]
 73412 | Elf:1    | Gained mutation: You tend to lose your temper in combat.
                  | [potion of mutation]
 73412 | Elf:1    | Gained mutation: You are partially covered in thin metallic
                  | scales. (AC +2) [potion of mutation]
 73412 | Elf:1    | Lost mutation: You are dopey. (Int -2) [potion of mutation]
 73667 | Elf:3    | Entered Level 3 of the Elven Halls
 73723 | Elf:3    | Found an ancient bone altar of Kikubaaqudgha.
 73942 | Elf:3    | Found a flickering gateway to a bazaar.
 73967 | Bazaar   | Entered a bazaar
 73967 | Bazaar   | Found Zutioxkafa's Food Shoppe.
 73967 | Bazaar   | Found Jull's Magic Scroll Shop.
 73967 | Bazaar   | Found Doguj's Book Shoppe.
 73969 | Bazaar   | Found Rish's Jewellery Emporium.
 74029 | Bazaar   | Bought a scroll of enchant weapon for 112 gold pieces
 74029 | Bazaar   | Bought a scroll of enchant weapon for 112 gold pieces
 74029 | Bazaar   | Bought a scroll of teleportation for 45 gold pieces
 74029 | Bazaar   | Bought a scroll of fear for 52 gold pieces
 74037 | Bazaar   | Bought an uncursed ring of protection from fire for 300
                  | gold pieces
 74037 | Bazaar   | Bought the ring "Filoemeh" {rElec rC+ MP+9 Int+4 Stlth+}
                  | for 829 gold pieces
 74046 | Bazaar   | Bought a scroll of fog for 30 gold pieces
 74046 | Bazaar   | Bought a scroll of fog for 30 gold pieces
 74046 | Bazaar   | Bought a scroll of holy word for 112 gold pieces
 75362 | Elf:2    | Reached skill level 5 in Shields
 76380 | Elf:2    | Identified Suiniorhu's Papyrus of the Hurtful Entourage
 76488 | Elf:2    | Noticed Aizul
 76493 | Elf:2    | Found a runed translucent gate.
 76493 | Elf:2    | Found a runed translucent gate.
 76494 | Elf:2    | Found a runed translucent gate.
 77389 | D:9      | Killed Joseph
 78136 | Vaults:1 | Reached XP level 20. HP: 122/134 MP: 27/27
 78730 | Vaults:1 | Reached skill level 19 in Crossbows
 79683 | Elf:3    | Identified the ring "Roxtovyc" {+Blink rElec rC+++ rCorr
                  | Str-4}
 79728 | Elf:3    | Noticed a Tzitzimitl
 79965 | Elf:3    | Identified the +5 spear "Haenleunn" {flame, rPois Stlth+}
 79975 | Elf:3    | Identified the amulet "Ymucvuo" {+Fly Regen+ Str+8 Int+3
                  | Dex-3}
 79975 | Elf:3    | HP: 1/134 [earth elemental[a deep elf elementalist] (18)]
 79976 | Elf:3    | Killed from afar by a deep elf elementalist

Levels and vault maps discovered:
D:1:      onia_arrival_mini_spirals, layout_loops_ring, minmay_statues_item
D:2:      layout_loops_ring
D:3:      layout_loops_ring, kennysheep_crisscross
D:4:      layout_rooms, demons_altar, minmay_temple_entry_mini_moons,
          chequers_serial_rivers_micro_c
D:5:      layout_loops_ring, overflow_temple_1_default, first_ration,
          corner_web_ring, uniq_prince_ribbit1, uniq_sigmund
D:6:      layout_layer_cave, nemelex_xobeh_ov_fountains_minmay
D:7:      layout_rooms, cheibriados_altar_1, uniq_menkaure
D:8:      layout_cave_pools, enter_bailey_2
D:9:      gammafunk_the_bubble [the_bubble_gammafunk_roulette],
          layout_cave_pools, serial_shops, nicolae_shop_waterfront, uniq_joseph
D:10:     layout_irregular_city, david_lair_generic
D:11:     layout_basic, david_orc_4, basic_altar, serial_shops, shop, shop,
          hangedman_stone_soup
D:12:     layout_gridville, ebering_ghost_funeral_grove
D:13:     layout_rooms, portal_ice_cave_rime, special_room [special_room_orc],
          minivault_5
D:14:     layout_irregular_city, ximxim_vaults_locker_room, serial_bayou_pond_d
D:15:     grunt_enter_depths_hoard, layout_gridville, minmay_misc_feat_enclosed
Temple:   nicolae_temple_no_exploring_needed
Lair:1:   layout_chaotic_city, chequers_serial_rivers_micro_a, minivault_11,
          lemuel_altar_in_water2
Lair:2:   layout_layer_cave, beast_lair_carwin_10, infiniplex_staircase_pool,
          uniq_urug
Lair:3:   beast_lair_carwin_large_4, layout_misc_corridors,
          nicolae_spider_entry_orb_guardian, columned_hall_lemuel,
          serial_bayou_pond_c, cheibrodos_lair_lostbears
Lair:4:   layout_gridlike, nicolae_swamp_entry_splash_gauntlet,
          gauntlet_entry_generic, minivault_25, patterned_corridor,
          grunt_megastairs_1
Lair:5:   layout_regular_city, slime_altar_1, uniq_josephine, uniq_nessos
Lair:6:   evilmike_catoblepas_cave, layout_long_grid, enter_volcano_4,
          lemuel_fruit_tree
Swamp:1:  layout_basic_swamp, evilmike_swamp_ruin_house_5, uniq_louise
Swamp:2:  layout_basic_swamp, evilmike_swamp_ruin_house_6, swamp_pool1,
          st_swamp_ruins_1, uniq_jorgrun
Swamp:3:  layout_falls_marsh, serial_swamp_ruin, evilmike_swamp_ruin_wall,
          hangedman_swamp_ruin_wall
Swamp:4:  grunt_swamp_rune_castle, layout_basic_swamp,
          gammafunk_ghost_mausoleum, swamp_pool3
Spider:1: layout_spider_delve
Spider:2: layout_chambers, uniq_donald, uniq_arachne
Spider:3: layout_spider_delve, uniq_roxanne
Spider:4: guppyfry_spider_rune
Orc:1:    layout_caves, nicolae_orc_pool_cavern
Orc:2:    grunt_orc_cross, layout_diamond_mine, gammafunk_ghost_necromancy
Elf:1:    elf_arrival_001, layout_geoelf_diagonals, evilmike_minifort,
          drop_trap, minmay_shop_grove
Elf:2:    layout_geoelf_octagon, hangedman_elven_pyramids,
          minmay_the_grid_square_5x5_3x3_mashed
          [minmay_the_grid_square_5x5_half_checkered,
          minmay_the_grid_square_5x5_spiral_small,
          minmay_the_grid_square_5x5_mess, minmay_the_grid_square_5x5_inner_v,
          minmay_the_grid_square_5x5_megaprize_checkered,
          minmay_the_grid_square_5x5_fancy_junction,
          minmay_the_grid_square_5x5_longway,
          minmay_the_grid_square_5x5_shuriken,
          minmay_the_grid_square_5x5_intrusive_squares], uniq_aizul
Elf:3:    elf_hall, layout_geoelf_octagon, serial_shops, bzr_firewalk,
          basic_altar
Vaults:1: nicolae_vaults_ring_of_whatevers, vaults_room_large_hall,
          vaults_room_ringed_pool, v_pattern_2, v_misc_26,
          nicolae_vaults_ring_of_whatevers, vaults_room_boxed,
          grunt_vaults_focal, nicolae_vaults_little_ls, hangedman_vaults_slice,
          ontoclasm_vaults_twist, ontoclasm_vaults_eye, vaults_room_door_ring,
          grunt_vaults_hallway_long, nicolae_vaults_rhombus_5,
          layout_vaults_ring

Skill      XL: |  1  2  3  4  5  6  7  8  9 10 11 12 13 14 15 16 17 18 19 20 |
---------------+-------------------------------------------------------------+-----
Fighting       | 3 4 5 6 7 8 9 11 12 14 15 16 17 | 17.3
Polearms       | 1 |  1.2
Throwing       | 2 |  2.4
Dodging        | 1 2 3 4 5 7 8 10 | 10.9
Crossbows      | 1 4 5 9 11 13 15 16 18 19 | 19.1
Armour         | 2 3 4 5 6 7 8 9 10 11 12 13 | 13.4
Maces & Flails | 1 2 3 4 7 8 10 12 | 12.8
Invocations    | 3 5 7 9 10 | 10.0
Shields        | 3 4 5 |  5.4
Stealth        | |  1.4
Spellcasting   | |  1.2
Translocations | |  3.0
Transmutations | |  1.0

Action                   |  1- 3 |  4- 6 |  7- 9 | 10-12 | 13-15 | 16-18 | 19-21 || total
-------------------------+-------+-------+-------+-------+-------+-------+-------++-------
Melee: Spear             |    96 |    48 |       |       |       |       |       ||   144
       Whip              |       |    88 |    83 |   153 |   688 |   507 |       ||  1519
       Flail             |       |       |       |       |       |   894 |   150 ||  1044
 Fire: Hunting sling     |       |    38 |       |       |       |       |       ||    38
       Arbalest          |       |    56 |   204 |   399 |   662 |    68 |   201 ||  1590
       Hand crossbow     |       |       |       |       |       |   365 |   175 ||   540
Throw: Stone             |    47 |    39 |       |       |       |       |       ||    86
       Dart              |       |    16 |    13 |     5 |    56 |    41 |       ||   131
 Cast: Apportation       |       |       |       |       |     1 |    56 |       ||    57
Invok: Wall of Briars    |       |       |       |     3 |     6 |     8 |     3 ||    20
       Grow Ballistomyce |       |       |       |     1 |     4 |       |       ||     5
       Grow Oklob        |       |       |       |       |     2 |    16 |     1 ||    19
 Abil: Evoke Flight      |       |       |       |       |       |       |     4 ||     4
Evoke: Wand              |       |       |       |     2 |    22 |     8 |     2 ||    34
       Phial of floods   |       |       |       |       |       |     2 |       ||     2
       Lightning rod     |       |       |       |       |       |     3 |       ||     3
  Use: Potion            |       |     4 |     1 |     1 |    11 |     8 |     6 ||    31
       Scroll            |       |     7 |     1 |    22 |    17 |    18 |    18 ||    83
 Stab: Sleeping          |     4 |       |       |       |       |     1 |       ||     5
       Held in net/web   |       |       |       |       |       |     1 |       ||     1
  Eat: Chunk             |    10 |    14 |    13 |    24 |    63 |    87 |    22 ||   233
       Ration            |       |       |       |       |     6 |     7 |       ||    13
Armor: Robe              |    15 |       |       |       |       |       |       ||    15
       Leather armour    |       |    25 |       |       |       |       |       ||    25
       Scale mail        |       |    22 |    54 |   132 |   534 |   494 |       ||  1236
       Plate armour      |       |       |       |       |       |   329 |   163 ||   492
Dodge: Dodged            |    35 |   104 |   116 |   277 |   949 |  1639 |   171 ||  3291
Block: Buckler           |       |       |       |       |       |   224 |    41 ||   265
       Reflection        |       |       |       |       |       |     5 |     6 ||    11
       Other             |       |       |       |       |       |       |    16 ||    16

Table legend:
 A = Non-vault XP
 B = Vault XP
 C = Vault XP percentage of total XP
 D = Non-vault monster count
 E = Vault monster count
 F = Vault count percentage of total count
                 A         B        C        D         E       F
            +---------+---------+-------+---------+---------+-------
      Total |  209970 |  146158 |  41.0 |     823 |     348 |  29.7
            +---------+---------+-------+---------+---------+-------
        D:1 |      43 |       0 |   0.0 |      22 |       0 |   0.0
        D:2 |     158 |       0 |   0.0 |      30 |       0 |   0.0
        D:3 |     103 |       0 |   0.0 |      22 |       0 |   0.0
        D:4 |     583 |     117 |  16.7 |      31 |       3 |   8.8
        D:5 |     649 |     497 |  43.4 |      15 |       2 |  11.8
        D:6 |     713 |       0 |   0.0 |      10 |       0 |   0.0
        D:7 |    1237 |     172 |  12.2 |      36 |       1 |   2.7
        D:8 |    2323 |       0 |   0.0 |      25 |       0 |   0.0
        D:9 |    2552 |    2894 |  53.1 |      24 |      10 |  29.4
       D:10 |    2875 |     755 |  20.8 |      26 |       4 |  13.3
       D:11 |    1668 |    3350 |  66.8 |      16 |      19 |  54.3
       D:12 |    6071 |     770 |  11.3 |      34 |       2 |   5.6
       D:13 |    5540 |     591 |   9.6 |      25 |      12 |  32.4
       D:14 |   14715 |    4674 |  24.1 |      34 |      12 |  26.1
       D:15 |    3805 |       0 |   0.0 |      16 |       0 |   0.0
     Lair:1 |    2173 |       0 |   0.0 |       8 |       0 |   0.0
     Lair:2 |    2994 |    2075 |  40.9 |      12 |       7 |  36.8
     Lair:3 |    2560 |    3895 |  60.3 |       8 |      17 |  68.0
     Lair:4 |    2849 |    2122 |  42.7 |      13 |      12 |  48.0
     Lair:5 |    5290 |    3226 |  37.9 |      20 |       6 |  23.1
     Lair:6 |    1520 |   10815 |  87.7 |       7 |      23 |  76.7
    Swamp:1 |   11130 |    2842 |  20.3 |      34 |       3 |   8.1
    Swamp:2 |   10642 |    5690 |  34.8 |      33 |       7 |  17.5
    Swamp:3 |   11552 |       0 |   0.0 |      27 |       0 |   0.0
    Swamp:4 |    2464 |   15593 |  86.4 |       8 |      30 |  78.9
   Spider:1 |    8622 |    3818 |  30.7 |      31 |       1 |   3.1
   Spider:2 |   15736 |    1582 |   9.1 |      45 |       1 |   2.2
   Spider:3 |   13614 |     698 |   4.9 |      37 |       2 |   5.1
   Spider:4 |   12789 |   17470 |  57.7 |      40 |      29 |  42.0
      Orc:1 |    2108 |    2903 |  57.9 |      27 |      15 |  35.7
      Orc:2 |    3284 |    3124 |  48.8 |      12 |      19 |  61.3
      Elf:1 |   18137 |    8761 |  32.6 |      27 |      16 |  37.2
      Elf:2 |    7544 |   13074 |  63.4 |      15 |      26 |  63.4
      Elf:3 |   11227 |    7540 |  40.2 |      17 |       5 |  22.7
   Vaults:1 |   20700 |   17231 |  45.4 |      36 |      25 |  41.0
     Bailey |       0 |     141 | 100.0 |       0 |       6 | 100.0
    Volcano |       0 |    6020 | 100.0 |       0 |      21 | 100.0
   Gauntlet |       0 |    3718 | 100.0 |       0 |      12 | 100.0
            +---------+---------+-------+---------+---------+-------
